Map: Overgrowth LE (Void)

Players

FLORENCIO - Winner!

  • Race: Protoss Protoss
  • League: Master
  • Spawn Location: 1:00

boxing

  • Race: Zerg Zerg
  • League: Master
  • Spawn Location: 7:00

VOD

Have the link to the VOD?

Description

Time

  • Played on: Jan. 2, 2017, 10:46 p.m.
  • Length: 18:48
Show
View Real Time Build Order
Export as new Build Order

FLORENCIO Protoss - Winner!

Build Orders:  

Get SALT Encoding   

  12  0:01  Probe (Chrono Boost)  
  13  0:11  Probe (Chrono Boost)  
  14  0:22  Probe (Chrono Boost)  
  15  0:29  Pylon  
  15  0:47  Probe (Chrono Boost)  
  16  0:50  Forge  
  16  0:58  Probe (Chrono Boost)  
  17  1:08  Probe (Chrono Boost)  
  18  1:19  Probe (Chrono Boost)  
  18  1:21  Gateway  
  18  1:23  Pylon  
  19  1:28  Photon Cannon  
  19  1:34  Probe (Chrono Boost)  
  19  1:36  Assimilator  
  20  1:40  Assimilator  
  20  1:44  Gateway  
  20  1:59  Probe (Chrono Boost)  
  21  2:09  Probe (Chrono Boost)  
  21  2:10  Pylon  
  21  2:20  Probe (Chrono Boost)  
  22  2:32  Photon Cannon  
  22  2:35  Cybernetics Core  
  22  2:53  Probe (Chrono Boost)  
  23  3:04  Nexus  
  23  3:05  Zealot x2  
  25  3:10  Probe (Chrono Boost)  
  28  3:26  Probe (Chrono Boost)  
  29  3:30  Pylon  
  29  3:32  Zealot  
  29  3:33  Zealot  
  33  3:38  Probe (Chrono Boost)  
  34  3:52  Probe (Chrono Boost)  
  34  3:53  Assimilator  
  35  3:57  Assimilator  
  35  4:10  Stargate  
  35  4:11  Photon Cannon  
  35  4:19  Stargate  
  35  4:23  Probe (Chrono Boost)  
  36  4:25  Probe (Chrono Boost)  
  37  4:33  Probe (Chrono Boost)  
  38  4:45  Pylon  
  38  4:48  Probe (Chrono Boost)  
  38  4:50  Stalker  
  36  4:52  Probe (Chrono Boost)  
  34  5:00  Probe (Chrono Boost)  
  34  5:03  Probe (Chrono Boost)  
  34  5:05  Void Ray  
  40  5:11  Zealot  
  40  5:13  Probe (Chrono Boost)  
  44  5:14  Probe (Chrono Boost)  
  44  5:25  Stargate  
  44  5:30  Void Ray  
  48  5:45  Probe x2 (Chrono Boost)  
  50  5:50  Void Ray  
  50  5:55  Probe (Chrono Boost)  
  50  5:56  Probe (Chrono Boost)  
  56  6:06  Probe (Chrono Boost)  
  56  6:07  Void Ray, Probe (Chrono Boost)  
  62  6:14  Photon Cannon  
  62  6:20  Void Ray  
  62  6:25  Mothership Core (Chrono Boost)  
  68  6:32  Photon Cannon  
  68  6:39  Void Ray  
  70  8:02  Oracle  
  69  8:07  Pylon  
  69  8:08  Probe (Chrono Boost)  
  69  8:09  Pylon  
  69  8:10  Pylon  
  69  8:11  Pylon  
  69  8:12  Pylon  
  70  8:14  Pylon  
  70  8:15  Pylon  
  70  8:16  Pylon  
  70  8:25  Oracle x2  
  76  8:38  Oracle  
  79  8:47  Photon Cannon  
  79  8:51  Photon Cannon  
  79  8:53  Photon Cannon  
  79  8:55  Photon Cannon  
  79  8:56  Robotics Facility  
  79  8:59  Robotics Facility  
  78  10:00  Robotics Bay  
  78  10:02  Immortal x2  
  78  10:04  Stargate  
  78  10:05  Stargate  
  86  10:07  Stargate  
  86  10:42  Pylon  
  94  10:43  Pylon  
  94  10:48  Colossus x2  
  94  10:49  Extended Thermal Lance  
  98  11:07  Void Ray  
  98  11:08  Void Ray x2  
  110  11:49  Colossus x2  
  110  11:50  Void Ray  
  110  11:52  Void Ray x2  
  134  12:04  Pylon  
  134  12:07  Pylon  
  134  12:09  Pylon  
  134  12:12  Pylon  
  134  12:15  Pylon  
  134  12:17  Pylon  
  134  12:20  Pylon  
  122  12:33  Fleet Beacon, Void Ray  
  122  12:34  Void Ray  
  124  12:59  Colossus x2  
  135  13:53  Observer x2  
  137  14:14  Observer  
  118  16:19  Colossus  
  118  16:20  Colossus  
  118  16:21  Void Ray x3  
  142  17:03  Void Ray  
  142  17:04  Void Ray  
  136  17:50  Void Ray  
Show
View Real Time Build Order
Export as new Build Order

boxing Zerg 

Build Orders: Pool First 

Get SALT Encoding   

  12  0:17  Spawning Pool  
  11  0:22  Extractor  
  11  0:24  Drone  
  11  0:29  Drone  
  11  0:34  Drone  
  13  0:47  Overlord  
  13  1:05  Zergling x2  
  13  1:06  Zergling x2  
  13  1:07  Zergling x2  
  16  1:13  Queen  
  18  1:19  Zergling x2  
  19  1:28  Metabolic Boost  
  19  1:33  Zergling x2  
  20  1:41  Overlord  
  20  2:04  Drone  
  20  2:23  Hatchery  
  20  2:24  Drone x4  
  23  2:31  Drone  
  24  2:41  Queen  
  26  3:02  Drone x2  
  26  3:03  Drone  
  29  3:06  Overlord x2  
  29  3:29  Hatchery  
  29  3:32  Drone  
  29  3:33  Drone x2  
  31  3:37  Drone  
  31  3:39  Drone  
  33  3:48  Lair  
  33  3:57  Roach Warren  
  30  4:03  Zergling x4  
  30  4:07  Zergling x4  
  34  4:13  Zergling x2  
  34  4:14  Zergling x4  
  34  4:16  Zergling x2  
  37  4:19  Zergling x2  
  37  4:21  Zergling x2  
  39  4:24  Zergling x2  
  40  4:36  Drone x3  
  40  4:37  Drone  
  44  4:44  Overlord  
  44  4:45  Overlord  
  43  4:51  Drone  
  41  4:55  Drone x2  
  43  5:00  Drone x2  
  43  5:01  Drone  
  43  5:04  Overseer  
  46  5:10  Drone  
  46  5:11  Spore Crawler  
  46  5:12  Drone  
  47  5:14  Overseer  
  47  5:17  Drone  
  47  5:20  Drone  
  49  5:27  Drone  
  49  5:28  Drone x3  
  53  5:29  Drone x2  
  53  5:30  Drone  
  56  5:42  Drone  
  57  5:43  Drone  
  57  5:44  Drone, Spine Crawler  
  57  5:48  Drone x3  
  57  5:49  Drone, Glial Reconstitution  
  62  5:53  Evolution Chamber  
  62  5:55  Extractor  
  62  5:56  Queen, Drone, Extractor  
  62  6:05  Overlord x3, Drone  
  62  6:06  Drone x3  
  65  6:20  Hydralisk Den  
  63  6:28  Queen x2  
  68  6:33  Spore Crawler  
  68  6:35  Spore Crawler  
  66  6:47  Spore Crawler  
  66  6:49  Hydralisk, Muscular Augments  
  66  6:50  Spore Crawler  
  61  7:04  Hydralisk x2  
  64  7:09  Hatchery  
  64  7:12  Hatchery  
  64  7:13  Hydralisk  
  63  7:17  Drone x3  
  66  7:25  Hydralisk  
  66  7:26  Hydralisk  
  66  7:28  Hydralisk  
  72  7:35  Hatchery  
  71  7:37  Hydralisk  
  71  7:40  Queen x2  
  71  7:43  Extractor  
  76  7:46  Spore Crawler  
  76  7:48  Spore Crawler  
  76  7:51  Evolution Chamber  
  73  8:03  Hydralisk  
  73  8:04  Hydralisk x3, Spore Crawler  
  73  8:05  Spore Crawler  
  79  8:15  Drone  
  79  8:16  Drone x3  
  83  8:22  Queen  
  83  8:23  Overlord  
  83  8:24  Overlord, Queen  
  87  8:37  Hydralisk x3  
  94  8:43  Hydralisk  
  94  8:44  Hydralisk x5  
  106  8:51  Drone  
  106  8:54  Drone  
  108  8:56  Hydralisk  
  107  9:18  Overlord x2  
  103  9:31  Hydralisk  
  103  9:36  Hatchery  
  103  9:37  Hydralisk x3  
  103  9:38  Hydralisk x5  
  116  9:39  Drone  
  116  9:41  Drone  
  104  9:53  Drone x6  
  104  9:55  Extractor  
  104  9:56  Extractor  
  108  10:05  Hydralisk x2  
  112  10:10  Hydralisk  
  112  10:11  Spore Crawler x2  
  112  10:16  Drone  
  112  10:18  Overlord  
  112  10:19  Overlord x2  
  114  10:21  Drone  
  114  10:37  Drone  
  114  10:40  Drone  
  114  10:41  Drone x10  
  127  10:50  Drone x2  
  126  11:06  Drone  
  126  11:07  Drone x6  
  133  11:13  Drone  
  133  11:14  Drone x2  
  133  11:15  Drone  
  137  11:18  Overlord  
  137  11:24  Zerg Missile Weapons Level 1, Zerg Ground Armor Level 1  
  137  11:25  Spore Crawler  
  137  11:27  Drone  
  137  11:29  Spore Crawler  
  127  11:40  Spore Crawler  
  127  11:42  Spore Crawler  
  125  11:56  Drone x2  
  127  12:02  Drone, Hydralisk Den  
  127  12:03  Drone x16  
  127  12:04  Drone  
  144  12:08  Overlord  
  144  12:12  Infestation Pit  
  140  12:16  Hatchery  
  133  12:27  Queen  
  135  12:31  Lurker Den  
  135  12:33  Hydralisk  
  135  12:34  Hydralisk x5, Infestation Pit  
  146  12:43  Hatchery  
  145  12:46  Spore Crawler  
  145  12:47  Overseer, Spore Crawler  
  143  12:53  Hydralisk  
  143  12:54  Hydralisk  
  143  12:55  Hydralisk  
  149  13:06  Hydralisk  
  149  13:07  Hydralisk  
  149  13:12  Hive  
  153  13:31  Drone  
  154  13:40  Overlord x2  
  154  13:49  Hydralisk x3  
  154  13:53  Overlord  
  154  13:54  Spore Crawler x2  
  154  13:55  Spore Crawler x5  
  155  13:56  Spore Crawler x2  
  155  13:59  Hydralisk x3  
  157  14:04  Pathogen Glands  
  157  14:13  Infestor  
  157  14:14  Infestor x3  
  157  14:15  Drone  
  157  14:16  Drone  
  167  14:18  Drone  
  168  14:26  Zerg Ground Armor Level 2  
  168  14:33  Hydralisk x2  
  168  14:38  Queen  
  172  14:41  Hydralisk x3  
  180  14:47  Hydralisk  
  180  14:48  Hydralisk x2  
  180  14:50  Drone  
  187  14:53  Burrow  
  187  14:54  Hydralisk  
  189  15:08  Hydralisk, Spire  
  189  15:09  Overlord x2  
  120  15:28  Hydralisk  
  120  15:29  Hydralisk x11  
  120  15:34  Hydralisk x2  
  142  15:40  Hydralisk x3  
  106  15:53  Hydralisk x7  
Tags
 
Add a new tag
Caveats
  • Supply blocks, unpowered buildings, or Contaminate may cause inaccurate times.
  • Supply counts are checked every 10 seconds.